AoeStats
← Waschbaerkebab

Arabia

506396306Analyzed
2v2 RM · 20d ago on Sep 13, 2026· 49m 35s· 4 players
Game mode
Random Map
Map size
Medium (4 player)
Population
200
Speed
Normal
Resources
Standard
Victory
Conquest
Starting age
Dark Age
Ending age
Imperial Age
RankedLock teamsTeams togetherTeam positionsShared explorationLock speedFull tech treeHidden civsTurbo modeCheats
Victory
Defeat
🇨🇦 Vikings · Canada
1332
+15
🇩🇪 Saracens · Germany
1284
+17
🇭🇰 Ethiopians · Hong Kong SAR China
1339
-17
🇭🇰 Magyars · Hong Kong SAR China
1288
-15
christkc0407
6:18 Loom
8:28 Feudal Age
9:07 Double-Bit Axe
12:55 Fletching
17:27 Padded Archer Armor
18:25 Wheelbarrow
21:56 Castle Age
19:50 Horse Collar
22:17 Gold Mining
22:00 Crossbowman
24:27 Bodkin Arrow
26:15 Bow Saw
26:15 Thumb Ring
33:20 Ballistics
36:25 Leather Archer Armor
38:33 Town Watch
45:12 Imperial Age
43:18 Hand Cart
48:11 Imperial Age
48:17 Arbalester
keepscouting
4:52 Loom
9:34 Feudal Age
15:25 Double-Bit Axe
16:28 Bloodlines
18:24 Scale Barding Armor
24:26 Castle Age
26:16 Bow Saw
28:48 Gold Mining
29:11 Husbandry
33:03 Chain Barding Armor
33:26 Town Watch
35:59 Wheelbarrow
38:28 Horse Collar
44:08 Hand Cart
48:18 Imperial Age
Waschbaerkebab
8:17 Loom
10:48 Feudal Age
11:14 Double-Bit Axe
12:22 Horse Collar
19:27 Gold Mining
21:53 Castle Age
22:29 Bloodlines
22:40 Scale Barding Armor
23:05 Husbandry
23:18 Forging
26:13 Heavy Plow
27:30 Chain Barding Armor
32:56 Iron Casting
35:47 Bow Saw
40:41 Imperial Age
42:01 Heavy Camel Rider
43:41 Plate Barding Armor
43:41 Onager
47:17 Gold Shaft Mining
48:25 Blast Furnace
48:42 Wheelbarrow
47:52 Town Watch
Brick by Brick
6:34 Loom
9:38 Feudal Age
10:27 Double-Bit Axe
14:29 Fletching
14:52 Padded Archer Armor
17:54 Horse Collar
23:31 Castle Age
22:13 Gold Mining
23:36 Crossbowman
24:12 Bodkin Arrow
24:50 Bow Saw
25:46 Ballistics
26:20 Leather Archer Armor
27:23 Heavy Plow
30:55 Town Watch
40:17 Imperial Age
40:58 Squires
40:18 Pikeman
41:00 Scale Mail Armor
40:30 Arbalester
41:14 Bracer
41:25 Bogsveigar
42:28 Crop Rotation
43:01 Two-Man Saw
42:34 Scale Mail Armor
42:44 Forging
44:13 Chemistry
44:02 Chain Mail Armor
44:22 Ring Archer Armor
45:39 Plate Mail Armor
47:05 Masonry
48:03 Elite Berserk
49:15 Conscription
Connection lost

Rejoining the realm…

Still unreachable

The connection could not be restored.

Session expired

The server has moved on; the page needs a fresh start.